 Dungeon Crawl Stone Soup version 0.28.0-1-gb440e238dd (webtiles) character file.

Game seed: 3769075126832188830

2521 SweetAndFullOfGrace the Cleaver (level 9, -6/81 HPs)
             Began as a Minotaur Berserker on Feb 19, 2022.
             Was an Elder of Trog.
             Mangled by a centaur (9 damage)
             ... in a bailey.
             The game lasted 00:18:08 (9315 turns).

SweetAndFullOfGrace the Cleaver (MiBe)              Turns: 9315, Time: 00:18:09

Health: -6/81      AC: 14    Str: 26    XL:     9   Next: 29%
Magic:  8/8        EV:  9    Int:  4    God:    Trog [****..]
Gold:   346        SH:  0    Dex: 10    Spells: 8/8 levels left

rFire   + . .      SeeInvis .   C - +2 hand axe (flame)
rCold   . . .      Faith    .   (no shield)
rNeg    . . .      Spirit   .   M - +3 chain mail
rPois   .          Reflect  .   (helmet restricted)
rElec   .          Harm     .   (no cloak)
rCorr   .          Rampage  .   J - +0 pair of gloves
Will    +....                   (no boots)
Stlth   ..........              (no amulet)
HPRegen 0.23/turn               i - ring of protection from fire
MPRegen 0.11/turn               n - ring of willpower

@: no status effects
A: horns 2, retaliatory headbutt
a: Renounce Religion, Berserk, Trog's Hand, Brothers in Arms


You were in a bailey.
You worshipped Trog.
Trog was greatly pleased with you.
You visited 2 branches of the dungeon, and saw 9 of its levels.
You also visited: Sewer and Bailey.

You collected 346 gold pieces.

Inventory:

Hand Weapons
 a - a +0 hand axe
 q - a +0 hunting sling
 w - a +0 war axe
 C - a +2 hand axe of flaming (weapon)
 I - a +0 war axe
Missiles
 f - 36 sling bullets
 k - 250 stones (quivered)
 t - 12 poisoned darts
 u - 5 boomerangs of dispersal
 v - 73 arrows
 B - 5 javelins
 E - 25 bolts
 F - 2 silver boomerangs
 K - a boomerang
Armour
 b - a +0 animal skin
 c - a +0 scale mail
 m - an orb of wrath
 o - a +0 chain mail
 J - a +0 pair of gloves (worn)
 M - a +3 chain mail (worn)
Jewellery
 i - a ring of protection from fire (left hand)
 n - a ring of willpower (right hand)
 D - a +6 ring of intelligence
Wands
 r - a wand of polymorph (5)
 s - a wand of acid (7)
 H - a wand of paralysis (8)
Scrolls
 x - 2 scrolls of enchant armour
 y - 2 scrolls of fear {unknown}
 z - 3 scrolls of teleportation
 G - a scroll of holy word {unknown}
Potions
 d - 2 potions of attraction
 e - 2 potions of haste
 g - 2 potions of might
 h - a potion of berserk rage
 j - a potion of ambrosia {unknown}
 l - 2 potions of brilliance {unknown}
 p - 2 potions of curing {unknown}
 A - a potion of degeneration {unknown}
 L - 2 potions of heal wounds {unknown}


   Skills:
 + Level 8.2 Fighting
 * Level 12.0 Axes
 + Level 5.0 Armour
 + Level 4.5 Dodging


You had 8 spell levels left.
You didn't know any spells.
Your spell library was empty.

Dungeon Overview and Level Annotations

Branches:
Dungeon (8/15)             Temple (1/1) D:5           Sewer (visited)
 Bailey (1/1)
   Lair: D:8-11

Altars:
Ashenzari
Cheibriados
Dithmenos
Elyvilon
Gozag
Hepliaklqana
Kikubaaqudgha
Makhleb
Nemelex Xobeh
Okawaru
Qazlal
Ru
Sif Muna
Trog
Uskayaw
Vehumet
Wu Jian
Xom
Yredelemnul
Zin
The Shining One

Shops:
D:3 [   D:5 [:   D:7 [


Innate Abilities, Weirdness & Mutations

You have a pair of horns on your head.
You reflexively headbutt those who attack you in melee.


Message History

The centaur throws a javelin.
The javelin pierces through you. The orc closely misses you.
The centaur throws a javelin.
The javelin pierces through you but does no damage.
The orc barely misses you. The orc completely misses you.
You closely miss the orc. Your headbutt misses the orc.
The centaur throws a javelin.
The javelin pierces through you but does no damage.
The orc closely misses you. x3
You hit the orc but do no damage. The orc hits you but does no damage.
The orc barely misses you. The orc hits you with a +0 trident.
You hit the orc. You burn the orc.
The orc is almost dead.
The centaur hits you but does no damage.
The orc barely misses you.
You barely miss the orc.
The orc is almost dead.
The centaur throws a javelin.
The javelin pierces through you!
The javelin completely misses the orc.
The orc barely misses you. The orc hits you with a +0 trident.
The centaur hits you from afar with a +0 trident!
* * * LOW HITPOINT WARNING * * *
The orc hits you but does no damage.
You slash the orc! You burn the orc.
You kill the orc!
Trog accepts your kill.
The centaur throws a javelin.
The javelin pierces through you but does no damage.
The orc barely misses you.
The orc hits you from afar with a +0 halberd.
* * * LOW HITPOINT WARNING * * *
The centaur hits you from afar with a +0 trident.
* * * LOW HITPOINT WARNING * * *
The centaur closely misses you. You furiously retaliate!
You headbutt the centaur, but do no damage.
The centaur barely misses you. The orc hits you but does no damage.
The orc closely misses you.
The centaur throws a javelin.
The javelin pierces through you.
* * * LOW HITPOINT WARNING * * *
The centaur hits you with a +0 trident!
You die...

##########+####
#####............≈#
##....≈≈≈≈≈≈≈≈≈...≈#
#.⌠o≈≈≈.......≈≈..≈#
#.o≈≈..≈≈≈≈≈≈≈....≈≈
#c≈≈o≈≈≈.....≈≈≈...≈
##o≈c≈≈..≈≈≈≈≈..≈≈..⌠
#.≈≈@≈.≈≈≈...≈≈≈.≈≈.$
#o≈.≈≈.≈..⌠.⌠..≈≈.≈..
#.≈.o..≈..∩∩∩.....≈..
#o≈.≈≈.≈..⌠.⌠..≈≈.≈..
#.≈≈.≈.≈≈≈...≈≈≈.≈≈.$
##.≈.≈≈..≈≈≈≈≈..≈≈o.⌠
#.≈≈.≈≈≈.....≈≈≈...≈
#..≈≈..≈≈≈≈≈≈≈....≈≈
#.⌠.≈≈≈.......≈≈..≈#


You could see 2 centaurs and 7 orcs.

Vanquished Creatures
  3 water moccasins
  An ice beast (D:7)
  An orc warrior (D:6)
  A black bear (D:5)
  An ogre (D:4)
  3 phantoms
  2 bullfrogs
  Blork the orc (D:5)
  2 scorpions
  A water moccasin skeleton (D:7)
  6 killer bees (D:7)
  4 wights (D:7)
  A howler monkey (D:7)
  4 centaur zombies
  4 hounds
  A jelly (D:4)
  An orc priest (D:4)
  3 bullfrog skeletons
  A centaur skeleton (D:6)
  An iguana (D:2)
  3 orc wizards
  A hound zombie (D:5)
  A hound skeleton (D:5)
  Robin (D:3)
  8 adders
  A white imp (D:7)
  An ufetubus (D:4)
  An adder skeleton (D:2)
  3 worms
  24 orcs
  2 ball pythons
  6 endoplasms
  4 giant cockroaches
  19 goblins
  8 hobgoblins
  3 jackals (D:3)
  7 kobolds
  3 quokkas
  3 bats
  5 frilled lizards
  6 rats
152 creatures vanquished.

Notes
Turn   | Place    | Note
-------+----------+-------------------------------------------
     0 | D:1      | SweetAndFullOfGrace the Minotaur Berserker began the quest
                  | for the Orb.
     0 | D:1      | Reached XP level 1. HP: 19/19 MP: 0/0
   152 | D:1      | Reached skill level 4 in Axes
   555 | D:1      | Reached XP level 2. HP: 25/26 MP: 1/1
  1438 | D:2      | Reached skill level 5 in Axes
  1451 | D:2      | Reached XP level 3. HP: 10/31 MP: 2/2
  2241 | D:2      | Reached skill level 6 in Axes
  2241 | D:2      | Reached XP level 4. HP: 13/39 MP: 3/3
  2526 | D:2      | Reached ** piety under Trog
  2773 | D:2      | You fall into a shaft and drop 2 floors!
  2773 | D:4      | Noticed a phantom
  2795 | D:4      | Found a glowing drain.
  2817 | Sewer    | Entered a sewer
  2869 | Sewer    | Noticed a water moccasin
  2880 | Sewer    | Killed a water moccasin
  2881 | Sewer    | Reached skill level 4 in Fighting
  2881 | Sewer    | Reached skill level 7 in Axes
  2881 | Sewer    | Reached XP level 5. HP: 47/47 MP: 4/4
  3615 | D:3      | Noticed Robin
  3818 | D:3      | Reached XP level 6. HP: 49/53 MP: 5/5
  4014 | D:3      | Found Gotehuge's Armour Emporium.
  4025 | D:3      | Found an iron altar of Okawaru.
  4411 | D:3      | Killed Robin
  4524 | D:4      | Reached *** piety under Trog
  4577 | D:4      | Reached skill level 5 in Fighting
  4577 | D:4      | Reached skill level 8 in Axes
  4810 | D:4      | Reached XP level 7. HP: 45/61 MP: 6/6
  5294 | D:4      | Reached skill level 9 in Axes
  5742 | D:4      | Found a hazy altar of Hepliaklqana.
  5866 | D:5      | Entered Level 5 of the Dungeon
  5867 | D:5      | Found Kuadoota's Armour Boutique.
  5884 | D:5      | Reached skill level 6 in Fighting
  6334 | D:5      | Reached skill level 10 in Axes
  6409 | D:5      | Found a staircase to the Ecumenical Temple.
  6415 | Temple   | Entered the Ecumenical Temple
  6579 | D:5      | Found Zuefaim's Book Shop.
  6582 | D:5      | Noticed Blork the orc
  6605 | D:5      | Killed Blork the orc
  6606 | D:5      | Reached XP level 8. HP: 37/66 MP: 7/7
  6939 | D:5      | Reached skill level 7 in Fighting
  7227 | D:6      | Reached skill level 3 in Armour
  7335 | D:6      | Reached skill level 3 in Dodging
  7449 | D:6      | Reached skill level 11 in Axes
  7699 | D:6      | Found a snail-covered altar of Cheibriados.
  7706 | D:6      | Reached **** piety under Trog
  7724 | D:6      | Found a broken altar of Ashenzari.
  7938 | D:7      | Reached skill level 4 in Armour
  8097 | D:7      | Reached skill level 4 in Dodging
  8097 | D:7      | Reached XP level 9. HP: 70/81 MP: 8/8
  8404 | D:7      | Reached skill level 8 in Fighting
  8414 | D:7      | HP: 12/121 [killer bee (5)]
  8419 | D:7      | HP: 9/121 [poisoned by a killer bee]
  8421 | D:7      | HP: 4/81 [poisoned by a killer bee]
  8791 | D:7      | Found Hirghaiwn's Armour Boutique.
  8822 | D:7      | Reached skill level 12 in Axes
  8862 | D:7      | Found a glowing golden altar of the Shining One.
  8947 | D:7      | Reached skill level 5 in Armour
  9227 | D:8      | Found a flagged portal.
  9281 | Bailey   | Entered a bailey
  9315 | Bailey   | HP: 3/81 [centaur/javelin (6)]
  9315 | Bailey   | Mangled by a centaur

Illustrated notes

Levels and vault maps discovered:
D:1:      erik_arrival_blinker_ship, layout_basic
D:2:      layout_basic, wander_ebering_terrifying_dragon_lair
D:3:      kennysheep_goblin_castle, layout_loops_cross, amcnicky_altar_gilded,
          serial_shops, shop
D:4:      layout_cave_pods, nzn_hepliaklqana_mist_gate, gup_sewer_entry_glass,
          uniq_robin
D:5:      layout_cave_pools, minmay_temple_entry_hall, serial_shops,
          shop_statue, nicolae_shop_advertising_works
          [nicolae_subvault_shop_adworks], uniq_blork_the_orc
D:6:      layout_basic, mainiacjoe_overflow_large_starburst
D:7:      layout_gridville, mainiacjoe_overflow_24_doors, serial_shops,
          nicolae_shop_hallway_plus
D:8:      layout_basic, lair_entry_dummy, enter_bailey_8
Temple:   lightli_temple_of_artemis
Bailey:   bailey_polearm_flooded_kennysheep, bailey

Skill      XL: |  1  2  3  4  5  6  7  8  9 |
---------------+----------------------------+-----
Axes           | 4 5 6 7 8 10 11 12 | 12.0
Fighting       | 4 5 6 7 8 |  8.2
Armour         | 4 5 |  5.0
Dodging        | 4 |  4.5

Action                   |  1- 3 |  4- 6 |  7- 9 || total
-------------------------+-------+-------+-------++-------
Melee: Hand axe          |   107 |   124 |   151 ||   382
       Headbutt          |    10 |    24 |    27 ||    61
       Punch             |       |     2 |     7 ||     9
       War axe           |       |    27 |    87 ||   114
Invok: Berserk           |     1 |     1 |     2 ||     4
  Use: Scroll            |       |     6 |     1 ||     7
Armor: Scale mail        |    32 |     6 |       ||    38
       Chain mail        |       |    53 |   107 ||   160
Dodge: Dodged            |    40 |    56 |    95 ||   191

Table legend: (Time is in decaauts)
 A = Elapsed time spent in this place.
 B = Non-inter-level travel time spent in this place.
 C = Inter-level travel time spent in this place.
 D = Time resting spent in this place.
 E = Time spent auto-exploring this place.
 F = Levels seen in this place.
 G = Mean time per level.
                   A        B        C        D        E       F      G
               +--------+--------+--------+--------+--------+-----+--------+
         Total |   9338 |   9157 |    181 |   1266 |   6104 |  11 |  848.9 |
       Dungeon |   8885 |   8721 |    164 |   1108 |   5973 |   8 | 1110.6 |
        Temple |    107 |     90 |     17 |      0 |     84 |   1 |  107.0 |
         Sewer |    312 |    312 |      0 |    158 |     47 |   1 |  312.0 |
        Bailey |     32 |     32 |      0 |      0 |      0 |   1 |   32.0 |
               +--------+--------+--------+--------+--------+-----+--------+

Top non-repeatable levels by time:
     D:2: 1506 daAuts
     D:4: 1499 daAuts
     D:1: 1364 daAuts
     D:7: 1281 daAuts
     D:3: 1236 daAuts
     D:5: 1110 daAuts
     D:6: 814 daAuts
   Sewer: 312 daAuts
  Temple: 107 daAuts
     D:8: 71 daAuts
  Bailey: 32 daAuts

Table legend:
 A = Non-vault XP
 B = Vault XP
 C = Vault XP percentage of total XP
 D = Non-vault monster count
 E = Vault monster count
 F = Vault count percentage of total count
                 A         B        C        D         E       F
            +---------+---------+-------+---------+---------+-------
      Total |    3310 |     292 |   8.1 |     125 |      27 |  17.8
            +---------+---------+-------+---------+---------+-------
        D:1 |      26 |       0 |   0.0 |      16 |       0 |   0.0
        D:2 |     134 |       1 |   0.7 |      23 |       1 |   4.2
        D:3 |      88 |      54 |  38.0 |      14 |      21 |  60.0
        D:4 |     485 |       4 |   0.8 |      22 |       2 |   8.3
        D:5 |     672 |      85 |  11.2 |      11 |       1 |   8.3
        D:6 |     670 |       0 |   0.0 |      17 |       0 |   0.0
        D:7 |    1235 |       0 |   0.0 |      22 |       0 |   0.0
      Sewer |       0 |     145 | 100.0 |       0 |       1 | 100.0
     Bailey |       0 |       3 | 100.0 |       0 |       1 | 100.0
            +---------+---------+-------+---------+---------+-------
